 Dungeon Crawl Stone Soup version 0.25-a0-258-g6d7e32a812 (webtiles) character file.

Game seed: 5809260997714274161, levelgen mode: deterministic

255 MrRokkomies the Firebug (level 6, -1/59 HPs)
             Began as an Ogre Fire Elementalist on Dec 6, 2019.
             Slain by an orc
             ... wielding a +0 dagger
              (3 damage)
             ... on level 4 of the Dungeon.
             The game lasted 00:13:40 (3611 turns).

MrRokkomies the Firebug (Ogre Fire Elementalist)    Turns: 3611, Time: 00:13:41

Health: -1/59      AC:  3    Str: 13    XL:     6   Next: 15%
Magic:  4/9        EV:  7    Int: 18    God:
Gold:   108        SH:  6    Dex:  9    Spells: 2/9 levels left

rFire    . . .     SeeInvis .   a - +2 spear (chaos)
rCold    . . .     Gourm    .   k - +0 shield
rNeg     . . .     Faith    +   m - +0 robe
rPois    .         Spirit   .   (helmet restricted)
rElec    .         Reflect  .   (no cloak)
rCorr    .         Harm     .   (gloves unavailable)
MR       .....                  (boots unavailable)
Stlth    +.........             b - amulet of faith
HPRegen  0.19/turn              (no ring)
MPRegen  0.11/turn              (no ring)

@: very slightly contaminated
A: large, unfitting armour, tough skin 1
a: no special abilities


You were on level 4 of the Dungeon.
You were not hungry.

You visited 1 branch of the dungeon, and saw 4 of its levels.

You collected 108 gold pieces.

Inventory:

Hand Weapons
 a - a +2 spear of chaos (weapon)
Missiles
 f - 8 poisoned darts (quivered)
 h - 6 javelins
 l - 98 stones
Armour
 k - a +0 shield (worn)
 m - a +0 robe (worn)
Jewellery
 b - an amulet of faith (around neck)
Scrolls
 e - a scroll of remove curse
Comestibles
 c - a ration


   Skills:
 + Level 2.9 Fighting
 + Level 1.4 Throwing
 - Level 1.7 Dodging
 - Level 1.4 Stealth
 + Level 1.3 Shields
 - Level 2.4 Spellcasting
 * Level 3.0 Conjurations
 * Level 4.1 Fire Magic


You had 2 spell levels left.
You knew the following spells:

 Your Spells              Type           Power        Failure   Level  Hunger
a - Foxfire               Conj/Fire      ##..         22%         1    #......
b - Conjure Flame         Conj/Fire      ##......     54%         3    ###....
c - Inner Flame           Hex/Fire       #.......     75%         3    ###....

Your spell library contained the following spells:

 Spells                   Type           Power        Failure   Level  Hunger
 Sticky Flame             Conj/Fire      ##......     91%         4    #####..
 Fireball                 Conj/Fire      ##........   99%         5    ######.


Dungeon Overview and Level Annotations

Branches:
Dungeon (4/15)
 Temple: D:4-7

Altars:
Dithmenos
Hepliaklqana
Okawaru
Xom
The Shining One


Innate Abilities, Weirdness & Mutations

You are too large for most types of armour.
You have tough skin. (AC +1)


Message History

You aren't carrying any potions.
You hit the orc. You burn the orc.
The orc is heavily wounded.
The orc hits you with a +0 dagger.
* * * LOW HITPOINT WARNING * * *
The orc barely misses you.
You barely miss the orc priest. You block the orc's attack.
The orc hits you but does no damage. You block the orc priest's attack.
The orc barely misses you.
You hit the orc priest. You freeze the orc priest.
The orc priest is severely wounded.
You block the orc priest's attack. The orc hits you with a +0 morningstar!
* * * LOW HITPOINT WARNING * * *
The orc hits you but does no damage.
Your shield prevents you from hitting the orc priest.
The orc priest is severely wounded.
The orc priest hits you with a +0 club.
* * * LOW HITPOINT WARNING * * *
The orc barely misses you. The orc hits you with a +0 dagger.
You die...

. ..##.# §§ # ....#
§§§ #
###..######§§§§ #
.## ##.#...........§
#
...##....!..))/....#
#
#.#.......o[).....#
#
#.§§§§§§§######...[
# #.§.§oo§.# # #
##.#§@o#.# #
#?§§§§§.# ####§####
############.#
#####.#..........#
........##########
#####...# #####


You could see an orc priest and 2 orcs.

Vanquished Creatures
  2 orc wizards
  5 gnolls
  4 adders
  A shadow imp (D:3)
  3 worms (D:2)
  2 dart slugs
  A leopard gecko (D:2)
  20 orcs
  6 bats
  A giant cockroach (D:3)
  10 goblins
  8 hobgoblins
  3 quokkas (D:3)
  A ball python (D:2)
  4 frilled lizards
  3 kobolds
  3 rats
77 creatures vanquished.

Vanquished Creatures (others)
  89 foxfires
89 creatures vanquished.

Grand Total: 166 creatures vanquished

Notes
Turn   | Place    | Note
-------+----------+-------------------------------------------
     0 | D:1      | MrRokkomies the Ogre Fire Elementalist began the quest for
                  | the Orb.
     0 | D:1      | Reached XP level 1. HP: 16/16 MP: 3/3
    32 | D:1      | Reached skill level 1 in Conjurations
   407 | D:1      | Reached XP level 2. HP: 20/26 MP: 5/5
   469 | D:1      | Reached skill level 3 in Fire Magic
   496 | D:1      | Reached skill level 1 in Fighting
   604 | D:1      | Reached XP level 3. HP: 33/33 MP: 0/6
  1161 | D:2      | Learned a level 3 spell: Conjure Flame
  1171 | D:2      | Reached XP level 4. HP: 42/42 MP: 4/7
  2083 | D:2      | Reached XP level 5. HP: 29/49 MP: 8/8
  2324 | D:2      | Found a shimmering altar of Xom.
  2426 | D:3      | Learned a level 3 spell: Inner Flame
  2487 | D:3      | Reached skill level 1 in Throwing
  2617 | D:3      | Found a hazy altar of Hepliaklqana.
  2628 | D:3      | Found a glowing golden altar of the Shining One.
  2641 | D:3      | Reached skill level 1 in Shields
  3051 | D:3      | Reached skill level 4 in Fire Magic
  3353 | D:3      | Found an iron altar of Okawaru.
  3547 | D:4      | Found a shadowy altar of Dithmenos.
  3568 | D:4      | Reached XP level 6. HP: 27/59 MP: 6/9
  3611 | D:4      | HP: 2/59 [orc priest/+0 club (6)]
  3611 | D:4      | Slain by an orc

Levels and vault maps discovered:
D:1:      lemuel_arrival_tunnels, layout_basic
D:2:      layout_basic, tgw_xom
D:3:      layout_rooms, lemuel_crystal_altar, kennysheep_okawaru_gauntlet,
          serial_glass, glass_columns_b, glass_columns_a,
          hangedman_abyss_or_decor_lesser_grid, lemuel_tele_altar
D:4:      layout_loops_cross, grunt_dithmenos_smoke, serial_shops, shop,
          first_ration, minmay_between

Skill      XL: |  1  2  3  4  5  6 |
---------------+-------------------+-----
Conjurations   | 1 2 3 |  3.0
Fire Magic     | 3 4 |  4.1
Fighting       | 1 2 |  2.9
Throwing       | 1 |  1.4
Shields        | 1 |  1.3
Dodging        | |  1.7
Stealth        | |  1.4
Spellcasting   | |  2.4

Action                   |  1- 3 |  4- 6 || total
-------------------------+-------+-------++-------
Melee: Unarmed           |    25 |       ||    25
       Short sword       |    28 |    33 ||    61
       Dagger            |       |     7 ||     7
       Spear             |       |    98 ||    98
Throw: Dart              |     8 |    52 ||    60
       Javelin           |       |     4 ||     4
 Cast: Foxfire           |    32 |    22 ||    54
  Use: Scroll            |       |     7 ||     7
       Potion            |       |     2 ||     2
 Stab: Sleeping          |     1 |     1 ||     2
  Eat: Chunk             |       |     6 ||     6
       Ration            |       |     1 ||     1
Armor: Robe              |    19 |    28 ||    47
Dodge: Dodged            |    38 |    45 ||    83
Block: Shield            |       |    49 ||    49

Table legend:
 A = Non-vault XP
 B = Vault XP
 C = Vault XP percentage of total XP
 D = Non-vault monster count
 E = Vault monster count
 F = Vault count percentage of total count
                 A         B        C        D         E       F
            +---------+---------+-------+---------+---------+-------
      Total |     343 |      22 |   6.0 |      69 |       8 |  10.4
            +---------+---------+-------+---------+---------+-------
        D:1 |      55 |       0 |   0.0 |      18 |       0 |   0.0
        D:2 |     102 |      18 |  15.0 |      21 |       6 |  22.2
        D:3 |     128 |       4 |   3.0 |      24 |       2 |   7.7
        D:4 |      58 |       0 |   0.0 |       6 |       0 |   0.0
            +---------+---------+-------+---------+---------+-------
